 Dungeon Crawl Stone Soup version 0.19.1 (webtiles) character file.

91789 Malachi the Peltast (level 15, -8/140 HPs)
             Began as a Deep Dwarf Fighter on Nov 25, 2016.
             Was a Follower of Elyvilon.
             Blown up by an orb spider (23 damage)
             ... with an orb of destruction
             ... on level 1 of the Spider Nest.
             The game lasted 01:03:34 (20503 turns).

Malachi the Peltast (Deep Dwarf Fighter)           Turns: 20503, Time: 01:03:35

Health: -8/140     AC: 29    Str: 29    XL:     15   Next: 56%
Magic:  16/16      EV: 11    Int: 16    God:    Elyvilon [*.....]
Gold:   2069       SH: 21    Dex: 13    Spells: 0 memorised, 14 levels left

rFire  + + +     SeeInvis .     V - +9 war axe "Canoatoi" {flame, +Inv Str+3}
rCold  + . .     Gourm    .     E - +1 plate armour
rNeg   + . .     Faith    .     w - +2 shield {rF+}
rPois  +         Spirit   .     H - +2 hat {Int+3}
rElec  .         Reflect  +     G - +0 cloak
rCorr  .         Harm     .     e - +2 pair of gloves {Dex+3}
MR     ++...                    v - +1 pair of boots
Stlth  ..........               o - +4 amulet of reflection
                                p - ring "Jofueczopta" {rPois rF+ rC+ Int+4}
                                W - +4 ring of protection

@: non-regenerating
A: damage resistance, recharge devices, blurry vision 1, clumsy 1, fire
resistance 1, mutation resistance 1, negative energy resistance 1, sense
surroundings 2, slow regeneration 3
a: Device Recharging, Lesser Healing, Divine Protection, Renounce Religion,
Evoke Invisibility


You were on level 1 of the Spider Nest.
You worshipped Elyvilon.
Elyvilon was aware of your devotion.
You were not hungry.

You visited 5 branches of the dungeon, and saw 22 of its levels.
You also visited: Trove.

You collected 2555 gold pieces.
You spent 486 gold pieces at shops.

Inventory:

Hand Weapons
 q - a +3 flail of holy wrath
 u - a +1 morningstar of holy wrath
 R - a +4 eveningstar of crushing
 S - a +4 flail of protection
 V - the +9 war axe "Canoatoi" (weapon) {flame, +Inv Str+3}
   (You bought it in a shop on level 2 of the Orcish Mines)

   It has been specially enchanted to burn those struck by it, causing extra
   injury to most foes and up to half again as much damage against particularly
   susceptible opponents.
   Big, fiery blades are also staple armaments of hydra-hunters.
   It affects your strength (+3).
   It lets you turn invisible.
Armour
 e - a +2 pair of gloves of dexterity (worn)
 k - the +0 pair of gloves "Ynutaquc" {rF+++ Slay-5 Stlth+}
   (You acquired it on level 2 of the Orcish Mines)

   It affects your accuracy and damage with ranged weapons and melee attacks
   (-5).
   It renders you almost immune to fire.
   It makes you more stealthy.
 v - a +1 pair of boots (worn)
 w - a +2 shield of fire resistance (worn)
 A - a +1 chain mail of magic resistance
 E - a +1 plate armour (worn)
 G - a +0 cloak (worn)
 H - a +2 hat of intelligence (worn)
Jewellery
 a - a +3 ring of intelligence
 i - an uncursed ring of magical power
 j - an uncursed amulet of rage
 n - an uncursed ring of stealth
 o - a +4 amulet of reflection (around neck)
 p - the ring "Jofueczopta" (right hand) {rPois rF+ rC+ Int+4}
   (You found it in a treasure trove)

   [ring of protection from cold]

   It affects your intelligence (+4).
   It protects you from fire.
   It protects you from cold.
   It protects you from poison.
 r - an uncursed ring of ice
 t - the amulet of Neepruba {Harm -Tele *Drain rElec Str+4}
   (You found it in a treasure trove)

   [amulet of harm]

   It increases damage dealt and taken.
   It affects your strength (+4).
   It insulates you from electricity.
   It prevents most forms of teleportation.
   It causes draining when unequipped.
 z - an uncursed ring of ice
 L - an uncursed ring of see invisible
 W - a +4 ring of protection (left hand)
 Z - an uncursed ring of positive energy
Wands
 c - a wand of heal wounds (0/9)
 d - a wand of acid (3/15)
 m - a wand of acid (6/15)
 C - a wand of lightning (9/15)
 D - a wand of heal wounds (0/9)
 K - a wand of acid (8/15)
Scrolls
 h - 3 scrolls of blinking
 l - 4 scrolls of fog
 s - 5 scrolls of magic mapping
 x - 5 scrolls of remove curse
 y - 4 scrolls of fear
 M - a scroll of enchant armour
 O - 2 scrolls of identify
 P - 2 scrolls of enchant weapon
 T - 4 scrolls of teleportation
Potions
 b - a potion of cancellation
 B - 4 potions of curing
 N - a potion of magic
 U - 3 potions of brilliance
 X - 2 potions of flight
 Y - a potion of might
Books
 J - a book of Necromancy

   Spells                             Type                      Level
   a - Pain                           Necromancy                   1
   b - Animate Skeleton               Necromancy                   1
   c - Vampiric Draining              Necromancy                   3
   d - Regeneration                   Charms/Necromancy            3
   e - Animate Dead                   Necromancy                   4
   f - Control Undead                 Necromancy                   4
   Elyvilon disapproves of the use of such an item.
 Q - a book of Ice

   Spells                             Type                      Level
   a - Ice Form                       Ice/Transmutation            4
   b - Metabolic Englaciation         Hexes/Ice                    5
   c - Ozocubu's Refrigeration        Ice                          6
   d - Bolt of Cold                   Conjuration/Ice              6
   e - Freezing Cloud                 Conjuration/Ice/Air          6
   f - Simulacrum                     Ice/Necromancy               6
Comestibles
 f - 14 bread rations
 g - 7 meat rations
 F - 17 royal jellies
 I - 9 fruits


   Skills:
 + Level 10.4 Fighting
 + Level 5.3(12.0) Axes
 + Level 15.0(15.2) Maces & Flails
 + Level 11.4 Armour
 + Level 5.7 Dodging
 + Level 3.3 Stealth
 + Level 16.7 Shields
 + Level 7.8 Invocations
 + Level 2.4 Evocations


You had 14 spell levels left.
You didn't know any spells.

Dungeon Overview and Level Annotations

Branches:
Dungeon (12/15)            Temple (1/1) D:6            Lair (6/6) D:9
  Swamp (0/4) Lair:4       Spider (1/4) Lair:4        Slime (0/5) Lair:6
    Orc (2/2) D:12            Elf (0/3) Orc:2

Altars:
Ashenzari
Cheibriados
Dithmenos
Elyvilon
Fedhas
Gozag
Hepliaklqana
Kikubaaqudgha
Makhleb
Nemelex Xobeh
Okawaru
Qazlal
Ru
Sif Muna
Trog
Uskayaw
Vehumet
Xom
Yredelemnul
Zin
The Shining One
Beogh

Shops:
D:6 [   D:9 (   D:12 (   Orc:2 }([}

Annotations:
D:12 Sonja


Innate Abilities, Weirdness & Mutations

You are resistant to damage.
You can recharge devices by infusing magical energy.
You resist negative energy. (rN+)
You passively map the area around you.
You do not regenerate.
Scrolls take you a little longer to read.
You are clumsy. (Dex -2)
Your flesh is heat resistant. (rF+)
You are somewhat resistant to further mutation.


Message History

The orb spider weaves a glowing orb of energy. x2 2 orbs of destruction come into view.
The wavering orb of destruction hits the soldier ant.
The soldier ant is blown up!
The orb of destruction reflects off an invisible shield around you!
The orb spider pulsates with a strange energy.
The orb of destruction reflects off an invisible shield around you!
The orb of destruction hits the orb spider.
The orb spider weaves a glowing orb of energy.
The orb spider spins a strand of pure energy.
An orb of destruction comes into view.
You slash the orb spider! You burn the orb spider.
You kill the orb spider!
The orb of destruction reflects off an invisible shield around you!
The orb spider pulsates with a strange energy.
The orb of destruction reflects off an invisible shield around you!
The orb spider weaves a glowing orb of energy.
An orb of destruction comes into view.
The orb of destruction hits you!
You die...

#........^......................,
#.........†............(.........
#.........†................§.....
#................................
#^...............................
#............§.....s.......§.....
#.....†.......§...*........*^....
#....†^.......§......^...§§.†....
#..............§@..*......†^†....
#.............†..§§.......†......
#................................
#......^..............>..........
#................................
#.............(................^.
#......†<†...............†.......
#......†.........†...............
#.......††............)$.........


You could see an orb spider.

Vanquished Creatures
  Rupert (Lair:3)
  Gastronok (D:10)
  The ghost of tscho the Markskobold, an adept KoHu of Jiyva (Orc:2)
  An orc warlord (Orc:2)
  An ettin (Orc:2)
  Fannar (D:10)
  A vault guard (D:12)
  5 hydras
  A catoblepas (Lair:6)
  A deep troll shaman (Lair:6)
  5 death yaks (Lair:6)
  6 orc high priests
  Nergalle (Orc:1)
  A lindwurm (Lair:6)
  A wolf spider zombie (D:10)
  A hill giant (D:11)
  3 wolf spiders (Spider:1)
  3 orb spiders (Spider:1)
  A manticore (Lair:2)
  5 orc knights (Orc:2)
  9 orc sorcerers
  2 cyclopes
  The ghost of Vesto the Firebug, a novice OpFE of Vehumet (D:5)
  4 ugly things
  9 elephants
  A black mamba (Lair:5)
  A centaur zombie (D:12)
  Joseph (D:10)
  A gargoyle (D:10)
  2 torpor snails
  14 spiny frogs
  5 komodo dragons
  2 rime drakes
  3 demonic crawlers (Spider:1)
  2 queen bees
  9 jumping spiders
  3 trolls (Orc:1)
  A hornet (Spider:1)
  Prince Ribbit (D:5)
  A polar bear (Lair:4)
  Grinder (D:6)
  4 slime creatures (D:12)
  4 dream sheep (Lair:6)
  8 two-headed ogres
  9 hippogriffs
  24 blink frogs
  A spriggan (D:9)
  11 redbacks
  8 tarantellas (Spider:1)
  2 wraiths
  The ghost of JDdeen the Sneak, an amateur SpEn (D:3)
  53 yaks
  The ghost of Malachi the Skirmisher, an amateur NaFi (D:4)
  6 basilisks
  Grum (D:10)
  3 fire bats (Lair:3)
  A human (D:12)
  3 wyverns
  Menkaure (D:5)
  A steam dragon (Lair:3)
  Edmund (D:5)
  2 wargs
  3 soldier ants (Spider:1)
  10 water moccasins
  Duvessa (D:6)
  11 porcupines
  5 necrophages
  3 ice beasts
  2 black bears
  51 orc warriors
  A black bear (shapeshifter) (D:11)
  3 sky beasts
  An eye of draining (D:11)
  8 ogres
  2 phantoms
  17 wolves
  6 centaurs
  8 crocodiles
  20 bullfrogs
  A wyvern zombie (D:11)
  Dowan (D:6)
  5 scorpions
  17 wights
  63 killer bees
  5 howler monkeys
  13 crimson imps
  A bullfrog zombie (D:7)
  3 quasits (D:9)
  A gnoll shaman (D:7)
  7 hounds
  37 orc priests
  A bullfrog skeleton (D:10)
  3 centaur skeletons
  4 jellies
  3 iguanas
  11 worker ants
  Crazy Yiuf (D:6)
  29 orc wizards
  A killer bee zombie (D:7)
  A hound skeleton (D:10)
  A worker ant zombie (D:10)
  A howler monkey zombie (D:6)
  7 gnolls
  A river rat (D:9)
  5 adders
  A shadow imp (D:12)
  3 oozes (Lair:6)
  4 adder skeletons
  An adder zombie (D:5)
  4 worms
  2 dart slugs (D:1)
  7 leopard geckos
  136 orcs
  5 giant cockroaches
  7 goblins
  3 hobgoblins
  4 jackals (D:2)
  8 kobolds
  5 quokkas
  2 ball pythons
  3 bats
  5 frilled lizards
  2 gnoll zombies (D:3)
  A leopard gecko skeleton (D:4)
  2 quokka skeletons
  A quokka zombie (D:5)
  6 rats
  A plant (Lair:6)
847 creatures vanquished.

Vanquished Creatures (others)
  A dream sheep (Lair:6)
  A soldier ant (Spider:1)
  2 centaurs (D:11)
  2 orcs
  A bush (Lair:6)
  A butterfly (Lair:6)
  8 fungi
  7 plants
23 creatures vanquished.

Grand Total: 870 creatures vanquished

Notes
Turn   | Place    | Note
-------+----------+-------------------------------------------
     0 | D:1      | Malachi the Deep Dwarf Fighter began the quest for the Orb.
     0 | D:1      | Reached XP level 1. HP: 20/20 MP: 1/1
    63 | D:1      | Reached XP level 2. HP: 25/27 MP: 2/2
   113 | D:1      | Gained mutation: Your flesh is heat resistant. (rF+) [potion of mutation]
   113 | D:1      | Gained mutation: You have a pair of small horns on your head. [potion of mutation]
   113 | D:1      | Gained mutation: You are partially covered in yellow scales. (AC +2) [potion of mutation]
   610 | D:2      | Reached XP level 3. HP: 21/34 MP: 3/3
  1105 | D:2      | Reached XP level 4. HP: 10/42 MP: 4/4
  1256 | D:3      | Found an iron altar of Okawaru.
  1288 | D:3      | Noticed JDdeen's ghost (amateur SpEn)
  1355 | D:3      | Killed JDdeen's ghost
  1355 | D:3      | Reached skill level 1 in Dodging
  1355 | D:3      | Reached skill level 4 in Shields
  1355 | D:3      | Reached XP level 5. HP: 37/49 MP: 5/5
  1545 | D:3      | Found a sacrificial altar of Ru.
  1984 | D:3      | Reached XP level 6. HP: 33/56 MP: 6/6
  2068 | D:3      | Found a basalt altar of Yredelemnul.
  2459 | D:4      | Found a glowing silver altar of Zin.
  2459 | D:4      | Found a burning altar of Makhleb.
  2460 | D:4      | Noticed a cacodemon
  2460 | D:4      | Noticed an angel
  2774 | D:4      | Reached skill level 5 in Shields
  2784 | D:4      | Reached XP level 7. HP: 40/62 MP: 7/7
  2803 | D:4      | Reached skill level 5 in Maces & Flails
  3106 | D:4      | Noticed Malachi's ghost (amateur NaFi)
  3116 | D:4      | Killed Malachi's ghost
  3313 | D:5      | Entered Level 5 of the Dungeon
  3315 | D:5      | Noticed Edmund
  3332 | D:5      | Killed Edmund
  3332 | D:5      | Reached skill level 5 in Armour
  3332 | D:5      | Reached XP level 8. HP: 72/72 MP: 8/8
  3360 | D:5      | Reached skill level 1 in Stealth
  3411 | D:5      | Reached skill level 6 in Shields
  3506 | D:5      | Noticed Vesto's ghost (novice OpFE)
  3509 | D:5      | Killed Vesto's ghost
  3569 | D:5      | Noticed Prince Ribbit
  3593 | D:5      | Killed Prince Ribbit
  3781 | D:5      | Noticed Menkaure
  3787 | D:5      | Killed Menkaure
  4003 | D:5      | Reached skill level 7 in Shields
  4003 | D:5      | Gained mutation: You passively map the area around you. [Deep Dwarf growth]
  4003 | D:5      | Reached XP level 9. HP: 32/79 MP: 9/9
  4080 | D:6      | Found Jotanol's Armour Shoppe.
  4089 | D:6      | Noticed Grinder
  4102 | D:6      | Paralysed by Grinder for 2 turns
  4112 | D:6      | Killed Grinder
  4137 | D:6      | Bought a +0 pair of gloves for 58 gold pieces
  4542 | D:6      | Reached skill level 8 in Shields
  4542 | D:6      | Reached skill level 1 in Evocations
  4708 | D:6      | Found an ancient bone altar of Kikubaaqudgha.
  4710 | D:6      | Found an opulent altar of Gozag.
  4714 | D:6      | Found a staircase to the Ecumenical Temple.
  4718 | D:6      | Reached skill level 5 in Fighting
  4791 | D:6      | Found a deep blue altar of Sif Muna.
  4823 | D:6      | Found a runed door.
  4872 | D:6      | Noticed Duvessa
  4872 | D:6      | Noticed Dowan
  4874 | D:6      | Found an iron altar of Okawaru.
  4890 | D:6      | Killed Duvessa
  4896 | D:6      | Killed Dowan
  5017 | Temple   | Entered the Ecumenical Temple
  5211 | Temple   | Became a worshipper of Elyvilon the Healer
  5318 | D:6      | Noticed Crazy Yiuf
  5323 | D:6      | Killed Crazy Yiuf
  5556 | D:6      | You fall through a shaft for 3 floors!
  5878 | D:8      | Reached XP level 10. HP: 26/88 MP: 10/10
  5961 | D:8      | Reached skill level 9 in Shields
  6014 | D:8      | Found a stormy altar of Qazlal.
  6546 | D:9      | Found Wuhu Ruk's Antique Weapon Emporium.
  6621 | D:9      | Found a burning altar of Makhleb.
  6678 | D:9      | Reached * piety under Elyvilon
  6719 | D:9      | Found a hazy altar of Hepliaklqana.
  6918 | D:9      | Found a staircase to the Lair.
  6992 | D:9      | Reached skill level 10 in Maces & Flails
  7142 | D:9      | Reached skill level 10 in Shields
  7180 | D:10     | Entered Level 10 of the Dungeon
  7283 | D:10     | Reached skill level 1 in Invocations
  7404 | D:10     | Noticed Gastronok
  7432 | D:10     | Killed Gastronok
  7432 | D:10     | Reached XP level 11. HP: 59/97 MP: 11/13
  7446 | D:10     | Noticed Joseph
  7464 | D:10     | Killed Joseph
  7655 | D:10     | Noticed Grum
  7671 | D:10     | Reached skill level 11 in Shields
  7679 | D:10     | Killed Grum
  7859 | D:10     | Noticed Fannar
  7881 | D:10     | Killed Fannar
  8220 | Lair:1   | Entered Level 1 of the Lair of Beasts
  8220 | Lair:1   | Noticed a four-headed hydra
  8227 | Lair:1   | Killed a four-headed hydra
  8389 | Lair:1   | Reached skill level 12 in Shields
  8490 | Lair:1   | Reached XP level 12. HP: 83/106 MP: 15/15
  8542 | Lair:1   | Reached ** piety under Elyvilon
  9332 | Lair:2   | Noticed a four-headed hydra
  9345 | Lair:2   | Killed a four-headed hydra
  9511 | Lair:2   | Reached skill level 5 in Invocations
  9614 | Lair:2   | Reached skill level 13 in Shields
  9649 | Lair:2   | Reached skill level 5 in Dodging
 10476 | Lair:3   | You fall through a shaft for 3 floors!
 10476 | Lair:6   | Entered Level 6 of the Lair of Beasts
 10476 | Lair:6   | Noticed a death yak
 10476 | Lair:6   | Noticed a deep troll shaman
 10568 | Lair:6   | Reached XP level 13. HP: 48/117 MP: 15/17
 10761 | Lair:6   | Found a staircase to the Slime Pits.
 11002 | Lair:6   | Reached skill level 14 in Shields
 12119 | Lair:5   | Reached *** piety under Elyvilon
 12444 | Lair:5   | Reached skill level 10 in Armour
 12755 | Lair:4   | Reached **** piety under Elyvilon
 12848 | Lair:4   | Found a staircase to the Swamp.
 12911 | Lair:4   | Found a hole to the Spider Nest.
 13293 | Lair:4   | Gained mutation: You resist negative energy. (rN+) [Deep Dwarf growth]
 13293 | Lair:4   | Reached XP level 14. HP: 69/129 MP: 18/18
 13712 | Lair:3   | Noticed Rupert
 13738 | Lair:3   | Killed Rupert
 14782 | D:11     | Reached skill level 15 in Shields
 16067 | D:7      | Reached ***** piety under Elyvilon
 16569 | D:12     | Noticed Sonja
 16824 | D:12     | Found a sparkling altar of Nemelex Xobeh.
 16884 | D:12     | Found Jathejushe's Weapon Emporium.
 16901 | D:12     | Bought a +1 morningstar of holy wrath for 241 gold pieces
 16945 | D:12     | Found a staircase to the Orcish Mines.
 17161 | D:12     | Found a portal to a secret trove of treasure.
 17178 | Trove    | Entered a treasure trove
 17221 | Trove    | Got a translucent marble ring
 17222 | Trove    | Identified the ring "Jofueczopta" {rPois rF+ rC+ Int+4} (You found it in a treasure trove)
 17229 | Trove    | Got a wavering ruby amulet
 17230 | Trove    | Identified the amulet of Neepruba {Harm -Tele *Drain rElec Str+4} (You found it in a treasure trove)
 17424 | Orc:1    | Entered Level 1 of the Orcish Mines
 17636 | Orc:1    | Noticed Nergalle
 17646 | Orc:1    | Killed Nergalle
 17710 | Orc:2    | Entered Level 2 of the Orcish Mines
 17711 | Orc:2    | Identified a scroll of acquirement
 17712 | Orc:2    | Got a pair of brightly glowing gloves
 17746 | Orc:2    | Identified the +0 pair of gloves "Ynutaquc" {rF+++ Slay-5 Stlth+} (You acquired it on level 2 of the Orcish Mines)
 17795 | Orc:2    | Noticed tscho's ghost (adept KoHu)
 17889 | Orc:2    | Killed tscho's ghost
 17929 | Orc:2    | Lost mutation: You have a pair of small horns on your head. [potion of cure mutation]
 17929 | Orc:2    | Lost mutation: Your flesh is heat resistant. (rF+) [potion of cure mutation]
 17929 | Orc:2    | Lost mutation: You are partially covered in yellow scales. (AC +2) [potion of cure mutation]
 17938 | Orc:2    | Gained mutation: Your flesh is heat resistant. (rF+) [potion of mutation]
 17938 | Orc:2    | Gained mutation: You are robust. (+10% HP) [potion of mutation]
 17938 | Orc:2    | Gained mutation: You are clumsy. (Dex -2) [potion of mutation]
 17939 | Orc:2    | Lost mutation: You are robust. (+10% HP) [potion of mutation]
 17939 | Orc:2    | Gained mutation: You are somewhat resistant to further mutation. [potion of mutation]
 17940 | Orc:2    | Gained mutation: Scrolls take you a little longer to read. [potion of mutation]
 18183 | Orc:2    | Reached skill level 16 in Shields
 18499 | Orc:2    | Found a staircase to the Elven Halls.
 18573 | Orc:2    | Reached XP level 15. HP: 88/138 MP: 17/17
 18800 | Orc:2    | Reached skill level 10 in Fighting
 18853 | Orc:2    | Noticed an orc warlord
 18906 | Orc:2    | Killed an orc warlord
 18940 | Orc:2    | Paralysed by an orc sorcerer for 2 turns
 19083 | Orc:2    | Found a roughly hewn altar of Beogh.
 19278 | Orc:2    | Found Amei's Armour Boutique.
 19304 | Orc:2    | Found Acriupse's Gadget Shop.
 19356 | Orc:2    | Reached skill level 15 in Maces & Flails
 19556 | Orc:2    | Found a roughly hewn altar of Beogh.
 19606 | Orc:2    | Found Fytseiheag's Antique Weapon Boutique.
 19712 | Orc:2    | Bought an ichor-stained war axe for 187 gold pieces
 19714 | Orc:2    | Identified the +9 war axe "Canoatoi" {flame, +Inv Str+3} (You bought it in a shop on level 2 of the Orcish Mines)
 19775 | Orc:2    | Found Xutheisk's Gadget Shoppe.
 19789 | Orc:2    | Reached skill level 1 in Axes
 20304 | Spider:1 | Entered Level 1 of the Spider Nest
 20456 | Spider:1 | Reached skill level 5 in Axes
 20503 | Spider:1 | Blown up by an orb spider

Skill      XL: |  1  2  3  4  5  6  7  8  9 10 11 12 13 14 15 |
---------------+----------------------------------------------+-----
Fighting       | 3 4 5 6 8 9 10 | 10.4
Maces & Flails | 3 4 6 7 9 10 11 13 14 15 | 15.0
Armour         | 4 5 6 7 9 10 11 | 11.4
Dodging        | 1 2 3 4 5 |  5.7
Shields        | 4 5 7 8 10 12 13 14 16 | 16.7
Stealth        | 1 2 3 |  3.3
Evocations     | 1 2 |  2.4
Invocations    | 2 4 5 6 7 |  7.8
Axes           | 5 |  5.3

Action                   |  1- 3 |  4- 6 |  7- 9 | 10-12 | 13-15 || total
-------------------------+-------+-------+-------+-------+-------++-------
Melee: Flail             |   140 |   162 |   340 |  1105 |  1787 ||  3534
       Headbutt          |    12 |    16 |    57 |   232 |   398 ||   715
       Eveningstar       |       |       |       |       |   179 ||   179
       War axe           |       |       |       |       |   148 ||   148
Invok: Lesser Healing    |       |       |       |    67 |   147 ||   214
       Divine Protection |       |       |       |       |     1 ||     1
 Abil: Device Recharging |       |       |       |       |     4 ||     4
Evoke: Wand              |       |     1 |     4 |     5 |    20 ||    30
  Use: Scroll            |     3 |     7 |     4 |     7 |    13 ||    34
       Potion            |     1 |     2 |     5 |     5 |     8 ||    21
 Stab: Sleeping          |       |       |     1 |       |       ||     1
       Invisible         |       |       |       |       |     5 ||     5
  Eat: Chunk             |       |     7 |    10 |    23 |    35 ||    75
       Fruit             |       |       |       |     4 |     3 ||     7
       Royal jelly       |       |       |       |       |     3 ||     3
       Beef jerky        |       |       |       |       |     3 ||     3
       Meat ration       |       |       |       |       |     2 ||     2
Armor: Scale mail        |    81 |    60 |    62 |    47 |       ||   250
       Skin              |       |       |     2 |    14 |       ||    16
       Plate armour      |       |       |       |   293 |   669 ||   962
Dodge: Dodged            |    60 |    41 |    59 |   258 |   445 ||   863
Block: Shield            |    97 |    85 |   237 |   941 |  1821 ||  3181
       Reflection        |       |     2 |     9 |    11 |    31 ||    53
